 Dungeon Crawl Stone Soup version 0.30-a0-149-g7f746667c4 (webtiles) character file.

Game seed: 16978752235336150042

541 zishaf the Sneak (level 7, -2/55 HPs)
             Began as a Vine Stalker Brigand on Sept 26, 2022.
             Slain by a killer bee (4 damage)
             ... on level 4 of the Dungeon.
             The game lasted 00:09:37 (3720 turns).

zishaf the Sneak (Vine Stalker Brigand)             Turns: 3720, Time: 00:09:37

Health: -2/55      AC: 23    Str: 14    XL:     7   Next: 26%
Magic:  0/17       EV:  2    Int: 11    God:
Gold:   224        SH:  0    Dex: 17    Spells: 6/6 levels left

rFire   . . .      SeeInvis .    a - +3 dagger
rCold   . . .      Faith    .    (no shield)
rNeg    . . .      Spirit   +    (body armour currently unavailable)
rPois   +          Reflect  .    (helmet currently unavailable)
rElec   .          Harm     .    (cloak currently unavailable)
rCorr   .          Rampage  .    (gloves currently unavailable)
Will    .....      NoTele   +    (boots currently unavailable)
Stlth   +++.......               p - amulet of regeneration
HPRegen 1.78/turn                u - ring of magical power
MPRegen 0.15/turn                (no ring)

@: tree-form (expiring), studying Stealth
A: stationary, stasis, torment immunity, boosted hp, (fangs 2), regeneration 1,
magic shield, (antimagic bite), no potion heal 2
a: no special abilities


You were on level 4 of the Dungeon.
You were a tree.
You visited 1 branch of the dungeon, and saw 4 of its levels.

You collected 224 gold pieces.

Inventory:

Hand Weapons
 a - a +3 dagger (weapon)
Missiles
 d - 15 poisoned darts (quivered)
 e - 5 curare-tipped darts
 w - 2 javelins
Armour
 b - a +0 robe
 c - a +0 cloak (melded)
 m - a +0 ring mail (melded)
Jewellery
 p - an amulet of regeneration (around neck)
 u - a ring of magical power (left branch)
 y - an amulet of faith
 C - a ring of flight
Scrolls
 h - a scroll of butterflies
 i - a scroll of teleportation
 k - a scroll of immolation
Potions
 f - 3 potions of curing
 g - a potion of heal wounds {unknown}
 r - a potion of experience {unknown}
 s - 3 potions of lignification
 t - 2 potions of berserk rage {unknown}
 z - a potion of cancellation {unknown}


   Skills:
 * Level 4.2 Fighting
 * Level 4.3 Short Blades
 - Level 4.0 Throwing
 - Level 1.0 Dodging
 + Level 5.2 Stealth


You had 6 spell levels left.
You didn't know any spells.
Your spell library contained the following spells:

 Spells                   Type           Power      Damage    Failure   Level
 Necrotise                Necr           0%         1d4       34%         1
 Blink                    Tloc           0%         N/A       47%         2
 Frozen Ramparts          Ice            0%         1d1       71%         3
 Lesser Beckoning         Tloc           0%         N/A       71%         3
 Vampiric Draining        Necr           0%         2d6       71%         3
 Ice Form                 Ice/Tmut       0%         N/A       98%         4
 Manifold Assault         Tloc           0%         N/A       98%         4
 Summon Ice Beast         Ice/Summ       0%         N/A       98%         4
 Agony                    Necr           0%         N/A       100%        5
 Storm Form               Tmut/Air       0%         N/A       100%        7


Dungeon Overview and Level Annotations

Branches:
Dungeon (4/15)
 Temple: D:4-7

Altars:
Ashenzari
Fedhas
Hepliaklqana
Makhleb
Zin
The Shining One


Innate Abilities, Weirdness & Mutations

You are a tree.
Your roots penetrate the ground, keeping you stationary.
You cannot be teleported.
You are immune to unholy pain and torment.
Your maximum health is greatly increased.
Your equipment is partially melded.
((You have extremely sharp teeth.))
Your natural rate of healing is unusually fast.
When hurt, damage is shared between your health and your magic reserves.
((Your bite disrupts and absorbs the magic of your enemies.))
Potions cannot restore your health.


Message History

You closely miss the killer bee.
The killer bee is heavily wounded.
Your transformation is almost over.
You feel sick.
You are no longer poisoned.
The killer bee stings you but does no damage. x3
The killer bee stings you.
* * * LOW HITPOINT WARNING * * *
You miss the killer bee.
The killer bee is heavily wounded.
The killer bee stings you but does no damage.
The killer bee stings you.
* * * LOW HITPOINT WARNING * * *
Unknown command.
You completely miss the killer bee.
The killer bee is heavily wounded.
The killer bee stings you.
* * * LOW HITPOINT WARNING * * *
You are poisoned.
The killer bee poisons you!
The killer bee stings you but does no damage.
The killer bee stings you.
* * * LOW HITPOINT WARNING * * *
The killer bee stings you but does no damage.
You hit the killer bee but do no damage.
The killer bee is heavily wounded.
You feel sick. The killer bee stings you.
* * * LOW HITPOINT WARNING * * *
The killer bee stings you but does no damage.
Unknown command.
Your system rejects the healing.
You feel better.
The killer bee stings you but does no damage. x3
The killer bee stings you.
* * * LOW HITPOINT WARNING * * *
Okay, then.
You aren't carrying any items that you can evoke.
You miss the killer bee.
The killer bee is heavily wounded.
The killer bee stings you.
You die...

,........)#** #..........#
,........######.........###
,#........................####
*##..............#.......##..#
* ##)...##.....###...........#
##..........##.........#..#
##........###...........##
######....##......##...#
#.##.y♣..#.#####.##
######y.#### #.# #.## ### ###


You could see 2 killer bees.

Vanquished Creatures
  Sigmund (D:2)
  A killer bee (D:3)
  Crazy Yiuf (D:2)
  A jelly (D:4)
  Natasha (thrice) (D:2)
  An orc wizard (D:3)
  4 gnolls (D:3)
  5 adders
  2 worms
  5 dart slugs
  3 orcs (D:3)
  7 ball pythons
  3 endoplasms
  2 giant cockroaches
  7 hobgoblins
  5 jackals
  4 quokkas
  8 bats
  3 frilled lizards
  5 goblins
  7 kobolds
  3 rats (D:1)
81 creatures vanquished.

Vanquished Creatures (others)
  A fungus (D:2)
1 creature vanquished.

Grand Total: 82 creatures vanquished

Notes
Turn   | Place    | Note
-------+----------+-------------------------------------------
     0 | D:1      | zishaf the Vine Stalker Brigand began the quest for the
                  | Orb.
     0 | D:1      | Reached XP level 1. HP: 11/11 MP: 2/2
   238 | D:1      | Reached skill level 1 in Dodging
   238 | D:1      | Reached XP level 2. HP: 15/15 MP: 3/3
   254 | D:1      | Reached skill level 5 in Stealth
   816 | D:1      | Reached XP level 3. HP: 16/18 MP: 4/4
  1666 | D:2      | Noticed Natasha
  1676 | D:2      | Killed Natasha
  1677 | D:2      | Gained mutation: Your natural rate of healing is unusually
                  | fast. [Vine Stalker growth]
  1677 | D:2      | Reached XP level 4. HP: 22/23 MP: 5/5
  1682 | D:2      | Found a faded altar of an unknown god.
  1698 | D:2      | Noticed Natasha
  1720 | D:2      | Killed Natasha
  1806 | D:2      | Noticed Sigmund
  1821 | D:2      | Killed Sigmund
  1822 | D:2      | Reached XP level 5. HP: 22/28 MP: 3/6
  1822 | D:2      | Reached XP level 6. HP: 25/32 MP: 3/7
  1926 | D:2      | Found a runed translucent door.
  1927 | D:2      | Noticed Crazy Yiuf
  1941 | D:2      | Killed Crazy Yiuf
  1990 | D:2      | Noticed Natasha
  1997 | D:2      | Killed Natasha
  2200 | D:3      | Found a glowing silver altar of Zin.
  2205 | D:3      | Found a broken altar of Ashenzari.
  2206 | D:3      | Found a hazy altar of Hepliaklqana.
  2207 | D:3      | Found a burning altar of Makhleb.
  2209 | D:3      | Found a glowing golden altar of the Shining One.
  2210 | D:3      | Found a blossoming altar of Fedhas.
  3135 | D:3      | Reached XP level 7. HP: 37/37 MP: 8/8
  3469 | D:4      | Identified a scroll of acquirement
  3469 | D:4      | Acquired a manual of Stealth
  3718 | D:4      | HP: 1/55 [killer bee (4)]
  3720 | D:4      | Slain by a killer bee

Illustrated notes

Levels and vault maps discovered:
D:1:      minmay_arrival_split_and_join, layout_loops_ring, minivault_5
D:2:      wander_river, layout_rooms, chequers_ecumenical_altar_island,
          dreamdust_wishing_well, uniq_sigmund, uniq_natasha,
          uniq_crazy_yiuf_cottage
D:3:      layout_loops_corners, minitemple
D:4:      layout_cave_pools

Skill      XL: |  1  2  3  4  5  6 |
---------------+-------------------+-----
Dodging        | 1 |  1.0
Stealth        | 5 |  5.2
Fighting       | 2 3 4 |  4.2
Short Blades   | 2 3 4 |  4.3
Throwing       | 2 3 4 |  4.0

Action                   |  1- 3 |  4- 6 |  7- 9 || total
-------------------------+-------+-------+-------++-------
Melee: Dagger            |    94 |    89 |    45 ||   228
       Bite              |    19 |    32 |    14 ||    65
       Punch             |     1 |     1 |       ||     2
Throw: Dart              |       |    24 |       ||    24
  Use: Scroll            |       |       |    13 ||    13
       Potion            |       |       |     2 ||     2
 Stab: Sleeping          |    10 |     2 |     1 ||    13
Armor: Robe              |    13 |       |       ||    13
       Ring mail         |    19 |    24 |    13 ||    56
       Skin              |       |       |    29 ||    29
Dodge: Dodged            |    50 |    40 |    18 ||   108

Table legend: (Time is in decaauts)
 A = Elapsed time spent in this place.
 B = Non-inter-level travel time spent in this place.
 C = Inter-level travel time spent in this place.
 D = Time resting spent in this place.
 E = Time spent auto-exploring this place.
 F = Levels seen in this place.
 G = Mean time per level.
                   A        B        C        D        E       F      G
               +--------+--------+--------+--------+--------+-----+--------+
         Total |   3713 |   3544 |    169 |     51 |   2616 |   4 |  928.2 |
       Dungeon |   3713 |   3544 |    169 |     51 |   2616 |   4 |  928.2 |
               +--------+--------+--------+--------+--------+-----+--------+

Top non-repeatable levels by time:
     D:1: 1432 daAuts
     D:3: 1201 daAuts
     D:2: 730 daAuts
     D:4: 348 daAuts
